Map: Glittering Ashes LE

Players

llllllllllll - Winner!

  • Race: Protoss Protoss
  • League: Master
  • Spawn Location: 7:00

VOD

Have the link to the VOD?

Description

Time

  • Played on: March 11, 2022, 3:48 p.m.
  • Length: 3:32
Show
View Real Time Build Order
Export as new Build Order

llllllllllll Protoss - Winner!

Build Orders:  

Get SALT Encoding   

  12  0:19  Pylon  
  12  0:20  Pylon  
  12  0:30  Pylon  
  12  0:36  Pylon  
  12  1:03  Assimilator  
  12  1:12  Assimilator  
  12  1:16  Assimilator  
  12  1:26  Pylon  
  12  1:28  Pylon  
  12  1:29  Pylon  
  12  1:38  Pylon  
  12  1:41  Pylon  
  12  1:49  Pylon  
  12  2:10  Pylon  
  12  2:12  Pylon  
  12  2:16  Pylon  
  12  2:32  Pylon  
  12  2:39  Pylon  
  12  2:45  Pylon  
  12  2:57  Pylon  
  12  3:02  Pylon  
  12  3:08  Pylon  
  12  3:17  Pylon  
  12  3:21  Pylon  
Tags
 
Add a new tag
Caveats
  • Supply blocks, unpowered buildings, or Contaminate may cause inaccurate times.
  • Supply counts are checked every 10 seconds.